 Dungeon Crawl Stone Soup version 0.30-a0-1018-g25214051b3 (webtiles) character file.

Game seed: 1402896452470319492

60 Zeldest the Cudgeller (level 3, 0/32 HPs)
             Began as an Armataur Reaver on Apr 7, 2023.
             Slain by a gnoll
             ... wielding a +0 flail
              (11 damage)
             ... on level 2 of the Dungeon.
             The game lasted 00:00:53 (1151 turns).

Zeldest the Cudgeller (Armataur Reaver)             Turns: 1151, Time: 00:00:54

Health: 0/32       AC:  4    Str: 19    XL:     3   Next: 82%
Magic:  5/5        EV:  9    Int: 13    God:
Gold:   113        SH:  0    Dex:  8    Spells: 4/5 levels left

rFire   . . .      SeeInvis .    a - +0 mace
rCold   . . .      Faith    .    (no shield)
rNeg    . . .      Spirit   .    b - +0 leather armour
rPois   .          Reflect  .    (no helmet)
rElec   .          Roll     +    (no cloak)
rCorr   .                        (no gloves)
Will    .....                    (no barding)
Stlth   +                        (no amulet)
HPRegen 0.25/turn                (no ring)
MPRegen 0.09/turn                (no ring)

@: no status effects
A: large, rugged brown scales 3, deformed body, armoured tail, roll, long
tongue, awkward tongue
a: no special abilities


You were on level 2 of the Dungeon.
You visited 1 branch of the dungeon, and saw 2 of its levels.

You collected 113 gold pieces.

Inventory:

Hand Weapons
 a - a +0 mace (weapon)
Armour
 b - a +0 leather armour (worn)
Scrolls
 c - a scroll of enchant armour {unknown}
 e - a scroll of identify {unknown}
 g - a scroll of fog {unknown}
 i - 2 scrolls of teleportation {unknown}
 k - 2 scrolls of magic mapping {unknown}
Potions
 d - a potion of berserk rage {unknown}
 f - a potion of degeneration {unknown}
 h - a potion of haste {unknown}
 j - 2 potions of flight {unknown}
 l - a potion of attraction {unknown}
 m - a potion of might {unknown}


   Skills:
 + Level 2.4 Fighting
 * Level 3.6 Maces & Flails
 + Level 1.8 Armour
 - Level 1.3 Dodging
 - Level 1.7 Spellcasting
 - Level 2.6 Conjurations


You had 4 spell levels left.
You knew the following spells:

 Your Spells              Type           Power      Damage    Failure   Level
a - Kiss of Death         Conj/Necr      16%        2d6       19%         1

Your spell library contained the following spells:

 Spells                   Type           Power      Damage    Failure   Level
 Momentum Strike          Conj/Tloc      8%         3d8       26%         2
 Hailstorm                Conj/Ice       4%         3d4       47%         3


Dungeon Overview and Level Annotations

Branches:
Dungeon (2/15) Zot: 10833

Altars:


Innate Abilities, Weirdness & Mutations

You are completely covered in rugged brown scales. (AC +3, +7% HP)
Armour fits poorly on your strangely shaped body.
You have a long armoured tail.
You roll when moving toward enemies. (Rampage)
Your long tongue fully drains potion bottles. (2x potion effects)
Your tongue gives you trouble enunciating. (1.5x scroll delay)


Message History

You kill the quokka!
There is an open door, spattered with blood here.
i - 2 scrolls labelled RAGIAX JEDIS (gained 1)
You now have 102 gold pieces (gained 9).
You open the door.
There is an open door here.
There is an open door here.
You open the door.
There is an open door here.
Found an escape hatch in the ceiling.
No target in view!
l - a bubbling golden potion No target in view!
You now have 113 gold pieces (gained 11).
m - a lumpy inky potion No target in view!
You open the door.
There is an open door here.
A gnoll comes into view. It is wielding a +0 flail.
The gnoll shouts!
You hear a shout!
A gnoll comes into view. It is wielding a +0 spear. x2
You roll towards the gnoll!
A gnoll comes into view. It is wielding a +0 spear.
The gnoll shouts! x2
There are monsters nearby!
There are monsters nearby!
You hit the gnoll but do no damage. The gnoll hits you with a +0 flail.
The gnoll hits you with a +0 flail!
You thump the gnoll!
The gnoll is severely wounded.
The gnoll misses you.
There are monsters nearby!
You hit the gnoll.
Your tail-slap misses the gnoll.
The gnoll is almost dead.
The gnoll barely misses you.
The gnoll hits you from afar with a +0 spear.
The gnoll hits you with a +0 flail. The gnoll attacks as you move away!
The gnoll hits you with a +0 flail. The gnoll attacks as you move away!
The gnoll hits you with a +0 flail!
You die...

##+##.. ##...#.#
##......#
##.......##
#.........#
+.........+
#.........##.#...
#......gg.g.....
##....@####.....
##...## ### ##'##
#.# #.# ##.##
##...## #.....#
.######...##


You could see 3 gnolls.

Vanquished Creatures
  Terence (D:2)
  A worm (D:2)
  A dart slug (D:1)
  4 ball pythons (D:2)
  2 endoplasms (D:2)
  2 goblins (D:1)
  3 jackals (D:1)
  3 kobolds (D:1)
  2 quokkas
  A bat (D:1)
  5 frilled lizards (D:1)
  4 rats
29 creatures vanquished.

Notes
Turn   | Place    | Note
-------+----------+-------------------------------------------
     0 | D:1      | Zeldest the Armataur Reaver began the quest for the Orb.
     0 | D:1      | Reached XP level 1. HP: 18/18 MP: 3/3
    53 | D:1      | Reached skill level 3 in Maces & Flails
   105 | D:1      | Reached XP level 2. HP: 25/25 MP: 4/4
   208 | D:1      | Reached skill level 1 in Armour
   666 | D:2      | Noticed Terence
   678 | D:2      | Killed Terence
   679 | D:2      | Reached XP level 3. HP: 19/31 MP: 5/5
  1151 | D:2      | Slain by a gnoll

Illustrated notes

Levels and vault maps discovered:
D:1:      minmay_arrival_stone_box, layout_loops_ring, minivault_26,
          skrybe_limestone_x
D:2:      layout_loops_corners, uniq_terence

Skill      XL: |  1  2 |
---------------+-------+-----
Fighting       | 2 |  2.4
Maces & Flails | 3 |  3.6
Armour         | 1 |  1.8
Dodging        | |  1.3
Spellcasting   | |  1.7
Conjurations   | |  2.6

Action                     || total
---------------------------++-------
  Melee: Mace              ||    64
         Tailslap          ||     7
         Punch             ||     1
 Armour: Leather armour    ||    18
  Dodge: Dodged            ||    19

Table legend: (Time is in decaauts)
 A = Elapsed time spent in this place.
 B = Non-inter-level travel time spent in this place.
 C = Inter-level travel time spent in this place.
 D = Time resting spent in this place.
 E = Time spent auto-exploring this place.
 F = Levels seen in this place.
 G = Mean time per level.
                   A        B        C        D        E       F      G
               +--------+--------+--------+--------+--------+-----+--------+
         Total |   1166 |   1136 |     30 |     65 |    904 |   2 |  583.0 |
       Dungeon |   1166 |   1136 |     30 |     65 |    904 |   2 |  583.0 |
               +--------+--------+--------+--------+--------+-----+--------+

Top non-repeatable levels by time:
     D:1: 674 daAuts
     D:2: 492 daAuts
